 Dungeon Crawl Stone Soup version 0.32-a0-433-g08bcfe7efd (webtiles) character file.

Game seed: 12865432829161688729

176104 MemoryLapse the Warrior (level 18, -9/152 (153) HPs)
             Began as a Coglin Berserker on Feb 22, 2024.
             Was the Champion of Trog.
             Blown up by an orb spider (35 damage)
             ... with an orb of destruction
             ... on level 4 of the Spider Nest.
             The game lasted 00:44:48 (27003 turns).

MemoryLapse the Warrior (Coglin Berserker)         Turns: 27003, Time: 00:44:48

HP:   -9/152 (153)  AC: 31    Str: 28    XL:     18   Next: 12%
MP:   18/18         EV: 24    Int:  9    God:    Trog [******]
Gold: 2583          SH:  0    Dex: 21    Spells: 17/17 levels left

rFire   . . .        u - +1 demon trident (venom) {Santiago}
rCold   . . .        g - +1 broad axe (heavy) {Busisiwe}
rNeg    . . .        E - +8 chain mail "Waekleso" {Str+2 Dex+4}
rPois   .            F - +1 helmet of Tenacity {Dex+4}
rElec   .            e - scarf {repulsion}
rCorr   +            s - +2 pair of gloves
SInv    .            l - +0 pair of boots
Will    +....        P - amulet of Afeenet {^Contam Regen+ rCorr Str+2} Stlth
                     d - +5 ring of evasion
HPRegen 1.25/turn    h - +4 ring of protection
MPRegen 0.16/turn

%: repel missiles
@: corroded, lightly drained, revved
A: off-hand wielding, slow wielding, warmup strikes, legs shutdown
a: Renounce Religion, Berserk, Trog's Hand, Brothers in Arms


You were on level 4 of the Spider Nest.
You worshipped Trog.
Trog was exalted by your worship.
You visited 4 branches of the dungeon, and saw 26 of its levels.
You also visited: Sewer, Gauntlet and Ice Cave.

You collected 2697 gold pieces.
You spent 114 gold pieces at shops.

Inventory:

Hand Weapons
 g - a +1 heavy broad axe (offhand) {Busisiwe}
 u - a +1 demon trident of venom (weapon) {Santiago}
Armour
 e - a scarf of repulsion (worn)
 l - a +0 pair of boots (worn)
 s - a +2 pair of gloves (worn)
 E - the +8 chain mail "Waekleso" (worn) {Str+2 Dex+4}
   (You found it on level 2 of the Spider Nest)

   Str+2:     It affects your strength (+2).
   Dex+4:     It affects your dexterity (+4).
 F - the +1 helmet of Tenacity (worn) {Dex+4}
   (You found it in a Gauntlet)

   Dex+4:     It affects your dexterity (+4).
 Y - a +3 plate armour of poison resistance
Jewellery
 d - a +5 ring of evasion (left grasper)
 h - a +4 ring of protection (right grasper)
 y - a ring of protection from fire
 B - a ring of protection from cold
 D - a ring of resist corrosion
 M - the ring of Gukiujo {+Blink rPois Str+2 Dex+4}
   (You found it on level 14 of the Dungeon)

   [ring of poison resistance]

   Str+2:     It affects your strength (+2).
   Dex+4:     It affects your dexterity (+4).
   rPois:     It protects you from poison +Blink: It lets you blink.
 O - a ring of positive energy
 P - the amulet of Afeenet (around neck) {^Contam Regen+ rCorr Str+2}
   (You acquired it on level 4 of the Dungeon)

   [amulet of regeneration]

   Str+2:     It affects your strength (+2).
   ^Contam:   It causes magical contamination when unequipped.
   Regen+:    It increases your rate of health regeneration.
   rCorr:     It protects you from acid and corrosion.
Wands
 c - a wand of light (14)
 i - a wand of roots (32)
 m - a wand of flame (42)
 v - a wand of digging (9)
 Z - a wand of polymorph (4)
Scrolls
 b - 5 scrolls of brand weapon
 f - 2 scrolls of noise
 j - 5 scrolls of fear
 k - 2 scrolls of summoning {!r}
 o - 8 scrolls of vulnerability {!r}
 q - 4 scrolls of immolation
 r - 3 scrolls of torment
 t - 15 scrolls of teleportation {@r3}
 z - 2 scrolls of fog {@r2}
 A - a scroll of revelation {@r5}
 H - 2 scrolls of enchant armour
 I - 4 scrolls of poison
 N - 3 scrolls of enchant weapon
 Q - a scroll of blinking {@r4}
 V - a scroll of silence {!r}
Potions
 a - 8 potions of lignification
 n - 5 potions of enlightenment
 p - 4 potions of might {@q3}
 w - 5 potions of haste {@q5}
 x - a potion of magic
 C - 3 potions of mutation
 G - 6 potions of curing {@q2}
 J - 4 potions of cancellation
 U - a potion of resistance
 W - 6 potions of ambrosia
 X - 3 potions of attraction
Miscellaneous
 K - a phantom mirror
 R - a lightning rod (4/4)
 S - a phial of floods
 T - a box of beasts


   Skills:
 + Level 16.7 Fighting
 + Level 6.4(11.7) Axes
 - Level 14.0(14.4) Polearms
 + Level 15.2 Armour
 + Level 15.3 Dodging


You had 17 spell levels left.
You didn't know any spells.
Your spell library was empty.

Dungeon Overview and Level Annotations

Branches:
Dungeon (15/15) Temple (0/1) D:7 Lair (5/5) D:11 Shoals (0/4) Lair:2 Spider (4/4) Lair:2 Slime (0/5) Lair:5 Orc (2/2) D:9 Elf (0/3) Orc:2 Vaults (0/5) D:12 D:13 Depths (0/4) D:15 Sewer (visited) IceCv (visited) Gauntlet (visited)

Altars:
Ashenzari
Dithmenos
Elyvilon
Fedhas
Gozag
Hepliaklqana
Qazlal
Ru
Sif Muna
Uskayaw
Vehumet
Xom

Shops:
D:5 (:   D:10 *   Orc:1 (   Orc:2 =[?:


Innate Abilities, Weirdness & Mutations

You can wield a second weapon in your off-hand.
It takes a long time for you to wield or remove held weapons.
Your first few attacks do less damage.
Attacking and casting redirects power from your legs.


Message History

The entropy weaver completely misses you.
The entropy weaver misses you. x2
The entropy weaver hits you but does no damage.
The pharaoh ant bites you!!
* * * LOW HITPOINT WARNING * * *
An orb of destruction comes into view.
You hit the entropy weaver with your +1 demon trident of venom.
The entropy weaver is poisoned.
The entropy weaver is lightly wounded.
You slash the entropy weaver with your +1 heavy broad axe!
You hit the redback but do no damage.
You slash the pharaoh ant with your +1 heavy broad axe!
You carefully extract the barbed spikes from your body.
The redback closely misses you. The pharaoh ant closely misses you.
The entropy weaver misses you. The entropy weaver closely misses you.
The entropy weaver completely misses you.
The entropy weaver hits you but does no damage.
The orb spider weaves a glowing orb of energy.
The tarantella completely misses you. The redback completely misses you.
The entropy weaver gestures at you while chanting.
The entropic weave corrodes you! The orb of destruction hits you!!!
* * * LOW HITPOINT WARNING * * *
The pharaoh ant barely misses you.
An orb of destruction comes into view.
Unknown command.
You feel much better.
You feel yourself speed up.
You are no longer unable to travel.
The tarantella completely misses you. The redback barely misses you.
The pharaoh ant completely misses you.
The entropy weaver completely misses you.
The entropy weaver barely misses you. The entropy weaver closely misses you.
The entropy weaver barely misses you. The tarantella completely misses you.
The redback completely misses you. The pharaoh ant misses you.
The entropy weaver completely misses you.
The entropy weaver hits you.
* * * LOW HITPOINT WARNING * * *
The entropy weaver hits you but does no damage. x2
The tarantella touches you but does no damage.
The redback completely misses you. The orb of destruction hits you!!
You die...

.##.... ...
.^..#^. #.. ...
....... ..##...
.......#..^....
.......s.......
..#^..s..#s..#
......Bs.^...#
##@°°..#
#○Bs)^^#
#....○....##
......s..#.##
.#^#.....#.#
....#.......
...##......#
... .......# ..
.^#....#


You could see an entropy weaver (very poisoned), 3 orb spiders, a culicivora, a
pharaoh ant, a tarantella and a redback.

Vanquished Creatures
  Mlioglotl (Spider:1)
  Kirke (D:15)
  Frances (D:14)
  Roxanne (Spider:2)
  The ghost of DEFE the Prestidigitator, a journeyman CoFi of Okawaru (D:14)
  An orc warlord (D:9)
  The ghost of Nebesus the Mimic, a journeyman DrSh of Okawaru (Orc:2)
  2 stone giants
  The ghost of Nebesus the Fighter, a journeyman AtFi of Okawaru (Lair:3)
  3 spark wasps
  A minotaur (Gauntlet)
  Snorg (D:11)
  2 entropy weavers
  A great orb of eyes (D:10)
  7 hydras
  Fannar (D:11)
  2 jorogumos
  3 radroaches
  2 ogre magi (Orc:2)
  The ghost of Coiter the Covert, a journeyman SpDe of Trog (Lair:1)
  3 catoblepae
  5 centaur warriors
  13 two-headed ogres
  5 tengu warriors
  15 death yaks
  5 boulder beetles
  7 demonic crawlers
  Urug (D:11)
  A sun demon (D:9)
  Sonja (D:10)
  A soul eater (Gauntlet)
  2 skysharks (Lair:5)
  7 pharaoh ants
  12 orb spiders
  2 deep trolls (Orc:2)
  A flayed ghost (D:10)
  2 sun moths (Spider:1)
  A bog body (IceCv)
  6 steelbarb worms
  3 orc knights
  3 harpies (D:12)
  9 wolf spiders
  2 necromancers
  18 ugly things
  3 orc sorcerers (Orc:2)
  Maurice (D:8)
  4 manticores
  9 cyclopes
  4 black mambas
  3 moths of wrath
  10 meliai
  4 elephants (Lair:4)
  2 ice statues (IceCv)
  6 torpor snails
  11 cane toads
  2 orange demons (D:9)
  6 rime drakes
  2 tengu conjurers
  4 ice devils (IceCv)
  Psyche (D:11)
  An anaconda simulacrum (IceCv)
  3 freezing wraiths
  11 komodo dragons
  A queen bee (D:14)
  3 merfolk (Lair:2)
  7 hornets
  3 polar bears
  10 trolls
  A wolf spider simulacrum (D:15)
  24 tarantellas
  20 blink frogs
  18 culicivoras
  9 slime creatures
  36 jumping spiders
  Sigmund (D:2)
  4 vampires
  42 yaks
  A spriggan (shapeshifter) (D:14)
  3 wyverns
  4 spriggans
  3 wraiths
  A shadow (D:11)
  A dire elephant simulacrum (IceCv)
  3 hogs (D:15)
  11 basilisks
  5 wargs
  16 humans (D:12)
  67 redbacks
  A steam dragon (D:7)
  5 vampire mosquitoes
  Edmund (D:4)
  2 harpy simulacra (IceCv)
  3 acid dragons
  6 hydra simulacra (IceCv)
  Duvessa (D:4)
  12 water moccasins
  4 black bears
  16 orc warriors
  20 wolves
  22 ogres
  10 centaurs
  3 phantoms
  5 kobold brigands
  A brain worm (shapeshifter) (D:14)
  10 bullfrogs
  A gnoll sergeant (D:8)
  4 scorpions (D:6)
  10 wights
  An elephant simulacrum (IceCv)
  14 killer bees
  Dowan (D:4)
  3 electric eels (Lair:5)
  2 howler monkeys (D:11)
  3 bombardier beetles
  A jelly (D:7)
  A lava snake (D:8)
  3 hounds
  A quasit (D:9)
  Crazy Yiuf (D:2)
  10 orc priests
  2 gnoll boudas
  Terence (D:3)
  Jessica (D:2)
  2 hell rats (Lair:4)
  6 iguanas
  15 orc wizards
  A spriggan simulacrum (IceCv)
  A polar bear simulacrum (IceCv)
  A troll simulacrum (IceCv)
  18 gnolls
  9 river rats
  7 adders
  2 shadow imps (Gauntlet)
  A white imp (D:6)
  4 ufetubi
  6 ribbon worms
  2 dart slugs
  70 orcs
  10 ball pythons
  9 endoplasms
  7 giant cockroaches
  12 goblins
  10 hobgoblins
  8 jackals
  37 kobolds
  8 quokkas
  2 bats
  6 frilled lizards
  12 rats
988 creatures vanquished.

Vanquished Creatures (collateral kills)
  A frost giant (D:10)
  An orc high priest (D:10)
  A wolf spider (D:10)
  A smoke demon (D:9)
  An orange demon (D:9)
  A red devil (D:9)
6 creatures vanquished.

Vanquished Creatures (others)
  Erolcha (D:12)
  A radroach (Spider:2)
  A jumping spider (Spider:1)
  A kobold brigand (D:8)
4 creatures vanquished.

Grand Total: 998 creatures vanquished

Notes
Turn   | Place    | Note
-------+----------+-------------------------------------------
     0 | D:1      | MemoryLapse the Coglin Berserker began the quest for the
                  | Orb.
     0 | D:1      | Reached XP level 1. HP: 18/18 MP: 1/1
   280 | D:1      | Reached XP level 2. HP: 22/24 MP: 2/2
   731 | D:1      | Reached XP level 3. HP: 29/29 MP: 3/3
   747 | D:1      | Found a faded altar of an unknown god.
   855 | D:1      | Reached ** piety under Trog
  1298 | D:2      | Reached XP level 4. HP: 35/35 MP: 4/4
  1301 | D:2      | Noticed Jessica
  1314 | D:2      | Killed Jessica
  1553 | D:2      | Noticed Sigmund
  1559 | D:2      | Killed Sigmund
  1560 | D:2      | Reached skill level 4 in Fighting
  1560 | D:2      | Reached XP level 5. HP: 36/42 MP: 5/5
  1560 | D:2      | Reached XP level 6. HP: 41/48 MP: 6/6
  1684 | D:2      | Found a runed translucent door.
  1685 | D:2      | Noticed Crazy Yiuf
  2495 | D:3      | Found an opulent altar of Gozag.
  2522 | D:3      | Found a glowing drain.
  2531 | D:3      | Reached *** piety under Trog
  2540 | Sewer    | Entered a sewer
  3197 | D:3      | Noticed Terence
  3208 | D:3      | Killed Terence
  3209 | D:3      | Reached XP level 7. HP: 53/54 MP: 7/7
  3628 | D:4      | Reached **** piety under Trog
  3629 | D:4      | Reached skill level 5 in Polearms
  3632 | D:4      | Noticed Dowan
  3639 | D:4      | Noticed Duvessa
  3804 | D:4      | Killed Duvessa
  3805 | D:4      | Killed Dowan
  3911 | D:4      | Noticed Edmund
  3922 | D:4      | Killed Edmund
  3927 | D:4      | Reached XP level 8. HP: 61/61 MP: 8/8
  4041 | D:4      | Reached skill level 5 in Fighting
  4134 | D:4      | Found a shadowy altar of Dithmenos.
  4507 | D:4      | Identified a scroll of acquirement
  4509 | D:4      | Acquired the amulet of Afeenet {^Contam Regen+ rCorr Str+2}
  4596 | D:5      | Entered Level 5 of the Dungeon
  4775 | D:5      | Found Rybax's Book Boutique.
  4831 | D:5      | Found Terphad's Antique Weapon Emporium.
  5147 | D:6      | Reached XP level 9. HP: 69/69 MP: 9/9
  5173 | D:6      | Found a hide-covered altar of Uskayaw.
  5181 | D:6      | Reached skill level 5 in Dodging
  5186 | D:6      | Reached skill level 6 in Fighting
  5186 | D:6      | Reached skill level 5 in Armour
  5590 | D:6      | Reached ***** piety under Trog
  6226 | D:7      | Identified the +3 dagger of Defiance {freeze, *Corrode
                  | Str+5}
  6227 | D:7      | Found a shimmering blue altar of Sif Muna.
  6243 | D:7      | Found a staircase to the Ecumenical Temple.
  6542 | D:7      | Found a sacrificial altar of Ru.
  6784 | D:8      | Noticed Maurice
  6792 | D:8      | Maurice stole a ring of fire
  6794 | D:8      | Maurice stole a +1 short sword of holy wrath {Numeria}
  6809 | D:8      | Something stole 2 curare-tipped darts
  6818 | D:8      | Something stole 456 gold
  6819 | D:8      | Killed Maurice
  6820 | D:8      | Reached skill level 7 in Fighting
  6820 | D:8      | Reached XP level 10. HP: 51/79 MP: 0/10
  6931 | D:8      | Found a blossoming altar of Fedhas.
  6990 | D:8      | Found a stormy altar of Qazlal.
  7854 | D:9      | Found a staircase to the Orcish Mines.
  7928 | D:9      | Noticed an orange demon
  7929 | D:9      | Noticed an orange demon
  7931 | D:9      | Noticed a smoke demon
  7943 | D:9      | Killed an orange demon
  7948 | D:9      | Killed an orange demon
  7957 | D:9      | Killed a smoke demon
  8050 | D:9      | Noticed a sun demon
  8053 | D:9      | Noticed an orange demon
  8066 | D:9      | Killed a sun demon
  8068 | D:9      | Killed an orange demon
  8069 | D:9      | Reached skill level 8 in Fighting
  8069 | D:9      | Reached skill level 10 in Polearms
  8069 | D:9      | Reached XP level 11. HP: 41/86 MP: 11/11
  8078 | D:10     | Entered Level 10 of the Dungeon
  8593 | D:9      | Found a shimmering altar of Xom.
  8598 | D:9      | Found a white marble altar of Elyvilon.
  8599 | D:9      | Found a radiant altar of Vehumet.
  8599 | D:9      | Found a broken altar of Ashenzari.
  8601 | D:9      | Found a hazy altar of Hepliaklqana.
  8962 | D:10     | Noticed Sonja
  8970 | D:10     | Killed Sonja
  9040 | D:10     | Received a gift from Trog
  9087 | D:10     | Found Deun's Assorted Antiques.
  9094 | D:10     | Bought a scroll labelled HITETTIERU for 30 gold pieces
  9094 | D:10     | Bought a scroll labelled RUSUJIETIH for 30 gold pieces
  9094 | D:10     | Bought a dark potion for 27 gold pieces
  9094 | D:10     | Bought an orange potion for 27 gold pieces
  9097 | D:10     | Noticed a manticore
  9105 | D:10     | Killed a manticore
  9268 | D:10     | Noticed a two-headed ogre
  9274 | D:10     | Killed a two-headed ogre
  9368 | D:10     | Noticed a cyclops
  9371 | D:10     | Killed a cyclops
  9380 | D:10     | Noticed a centaur warrior
  9380 | D:10     | Noticed an eight-headed hydra
  9386 | D:10     | Killed an eight-headed hydra
  9389 | D:10     | Killed a centaur warrior
  9406 | D:10     | Noticed a purple ugly thing
  9412 | D:10     | Killed a purple ugly thing
  9413 | D:10     | Reached skill level 9 in Fighting
  9421 | D:10     | Noticed a flayed ghost
  9421 | D:10     | Noticed a great orb of eyes
  9421 | D:10     | Noticed a wolf spider
  9602 | D:10     | Killed a flayed ghost
  9730 | D:10     | Killed a great orb of eyes
  9731 | D:10     | Reached XP level 12. HP: 15/95 MP: 12/12
  9745 | D:10     | Noticed an orc high priest
  9756 | D:10     | Killed an orc high priest
  9756 | D:10     | Noticed a frost giant
  9759 | D:10     | Killed a frost giant
 10304 | D:11     | Noticed Urug
 10318 | D:11     | Killed Urug
 10582 | D:11     | Noticed Psyche
 10595 | D:11     | Killed Psyche
 10642 | D:11     | Found a staircase to the Lair.
 10715 | D:11     | Noticed Fannar
 10728 | D:11     | Killed Fannar
 10876 | D:11     | Noticed Snorg
 10888 | D:11     | Killed Snorg
 10925 | D:11     | Noticed a two-headed ogre
 10931 | D:11     | Killed a two-headed ogre
 10932 | D:11     | Reached skill level 10 in Fighting
 10984 | Lair:1   | Entered Level 1 of the Lair of Beasts
 11040 | Lair:1   | Found a runed translucent gate.
 11040 | Lair:1   | Found a runed translucent gate.
 11040 | Lair:1   | Found a runed translucent gate.
 11040 | Lair:1   | Noticed Coiter's ghost (journeyman SpDe)
 11154 | Lair:1   | Reached XP level 13. HP: 92/103 MP: 13/13
 11648 | Lair:2   | Found a gate leading to a gauntlet.
 11657 | Gauntlet | Entered a Gauntlet
 11657 | Gauntlet | Found a transporter.
 11657 | Gauntlet | Found a transporter.
 11662 | Gauntlet | Found a transporter.
 11677 | Gauntlet | Found a transporter.
 11693 | Gauntlet | Found a transporter.
 11705 | Gauntlet | Found a transporter.
 11718 | Gauntlet | Noticed an entropy weaver
 11789 | Gauntlet | Found a transporter.
 11803 | Gauntlet | Found a transporter.
 11818 | Gauntlet | Found a transporter.
 11831 | Gauntlet | Found a transporter.
 11847 | Gauntlet | Found a transporter.
 11914 | Gauntlet | Found a transporter.
 11924 | Gauntlet | Found a transporter.
 11934 | Gauntlet | Found a transporter.
 11958 | Gauntlet | Found a transporter.
 11968 | Gauntlet | Found a transporter.
 12011 | Gauntlet | Identified the +1 helmet of Tenacity {Dex+4}
 12051 | Gauntlet | Received a gift from Trog
 12175 | Gauntlet | Noticed a minotaur
 12181 | Gauntlet | Killed a minotaur
 12244 | Lair:2   | Found a hole to the Spider Nest.
 12650 | Lair:2   | Reached skill level 11 in Fighting
 12837 | Lair:2   | Found a staircase to the Shoals.
 13226 | Lair:3   | Identified the +8 rapier of Exoneration {vamp, rElec}
 13320 | Lair:3   | Reached skill level 10 in Armour
 13377 | Lair:3   | Reached skill level 10 in Dodging
 13421 | Lair:3   | Found a runed translucent door.
 13478 | Lair:3   | Reached XP level 14. HP: 89/113 MP: 14/14
 13498 | Lair:3   | Received a gift from Trog
 13603 | Lair:3   | Noticed Nebesus's ghost (journeyman AtFi)
 13605 | Lair:3   | Identified the +4 trident of the Several Continents {drain,
                  | rElec rC+ Int+4}
 14374 | Lair:4   | Reached skill level 12 in Fighting
 14524 | Lair:4   | You fall into a shaft and drop 1 floor!
 14524 | Lair:5   | Entered Level 5 of the Lair of Beasts
 14596 | Lair:5   | Found a frozen archway.
 14687 | IceCv    | Entered an ice cave
 15762 | Lair:4   | Reached ****** piety under Trog
 15969 | Lair:5   | Reached XP level 15. HP: 122/122 MP: 15/15
 15989 | Lair:5   | Reached skill level 13 in Fighting
 16257 | Lair:5   | Received a gift from Trog
 16560 | Lair:5   | Found a staircase to the Slime Pits.
 17020 | Orc:1    | Entered Level 1 of the Orcish Mines
 17033 | Orc:1    | Found Amoejiud's Weapon Shop.
 17292 | Orc:1    | Noticed an orc warlord
 17394 | D:9      | Killed an orc warlord
 17832 | Orc:2    | Entered Level 2 of the Orcish Mines
 17859 | Orc:2    | Received a gift from Trog
 17990 | Orc:2    | Paralysed by an orc sorcerer for 2 turns
 18251 | Orc:2    | Reached skill level 14 in Fighting
 18276 | Orc:2    | Found Umnatemo's Magic Scroll Shop.
 18283 | Orc:2    | Found Xoaw's Book Emporium.
 18288 | Orc:2    | Found Joith's Jewellery Shop.
 18298 | Orc:2    | Found Antoro's Antique Armour Boutique.
 18449 | Orc:2    | Found a staircase to the Elven Halls.
 18630 | Orc:2    | Found a runed translucent door.
 18631 | Orc:2    | Noticed Nebesus's ghost (journeyman DrSh)
 18954 | Orc:2    | Killed Nebesus's ghost
 19183 | D:2      | Killed Crazy Yiuf
 19183 | D:2      | Received a gift from Trog
 19448 | Lair:1   | Killed Coiter's ghost
 19594 | Lair:3   | Killed Nebesus's ghost
 20094 | D:12     | Noticed Erolcha
 20106 | D:12     | Killed Erolcha
 20695 | D:13     | Found a gate to the Vaults.
 20705 | D:12     | Reached XP level 16. HP: 134/134 MP: 16/16
 21052 | D:13     | Identified the +0 falchion of Gozag, Blushing {spect,
                  | *Noise rN++ Int+2}
 21327 | D:14     | Found a transporter.
 21328 | D:14     | Found a transporter.
 21328 | D:14     | Noticed DEFE's ghost (journeyman CoFi)
 21361 | D:14     | Received a gift from Trog
 21562 | D:14     | Noticed Frances
 21571 | D:14     | Killed Frances
 21572 | D:14     | Reached skill level 15 in Fighting
 21800 | D:14     | Found a shimmering blue altar of Sif Muna.
 22230 | D:15     | Entered Level 15 of the Dungeon
 22395 | D:15     | Noticed Kirke
 22417 | D:15     | Killed Kirke
 22639 | D:15     | Found a staircase to the Depths.
 23093 | D:14     | Received a gift from Trog
 23140 | D:14     | Killed DEFE's ghost
 23188 | D:14     | Identified the ring of Gukiujo {+Blink rPois Str+2 Dex+4}
 23470 | Spider:1 | Entered Level 1 of the Spider Nest
 23684 | Spider:1 | Reached skill level 1 in Axes
 23705 | Spider:1 | Noticed Mlioglotl
 23767 | Spider:1 | Noticed a profane servitor
 23769 | Spider:1 | Killed Mlioglotl
 23793 | Spider:1 | Reached XP level 17. HP: 138/138 MP: 17/17
 23805 | Spider:1 | HP: 4/141 [burnt (20)]
 23810 | Spider:1 | HP: 5/142 [burnt (9)]
 23811 | Spider:1 | HP: 2/142 [burnt (9)]
 24019 | Spider:1 | Received a gift from Trog
 24663 | Spider:1 | Reached skill level 16 in Fighting
 25003 | Spider:2 | Identified the +8 chain mail "Waekleso" {Str+2 Dex+4}
 25174 | Spider:2 | Noticed Roxanne
 25223 | Spider:2 | Killed Roxanne
 25472 | Spider:2 | Received a gift from Trog
 25648 | Spider:2 | Reached skill level 5 in Axes
 26064 | Spider:3 | Reached skill level 15 in Dodging
 26147 | Spider:3 | Reached skill level 15 in Armour
 26563 | Spider:3 | Received a gift from Trog
 26565 | Spider:3 | Reached XP level 18. HP: 153/153 MP: 18/18
 26779 | Spider:4 | Entered Level 4 of the Spider Nest
 26796 | Spider:3 | Paralysed by a jorogumo for 1 turns
 27002 | Spider:4 | HP: 5/152 [disintegration (41)]
 27003 | Spider:4 | Blown up by an orb spider

Illustrated notes

Levels and vault maps discovered:
D:1:      onia_arrival_mini_maze, layout_basic,
          chequers_ecumenical_altar_simple_redux
D:2:      layout_basic, minmay_tromino_v7, uniq_jessica, uniq_sigmund,
          uniq_crazy_yiuf_cottage
D:3:      corexii_shack_village, layout_basic,
          mainiacjoe_overflow_small_starburst, gup_sewer_entry_pipe,
          uniq_terence
D:4:      minmay_diamond_boxcup, layout_loops_ring,
          nicolae_dithmenos_through_a_glass_darkly, dreamdust_gnoll_farm,
          uniq_duvessa, uniq_edmund
D:5:      layout_basic, serial_shops, shop, nicolae_shop_just_a_little_nook,
          corexii_corridor_pit
D:6:      cheibrodos_helix_gallery, layout_layer_cave,
          nicolae_uskayaw_dance_hall
D:7:      layout_gridville, amcnicky_altar_gilded, nicolae_ru_awakened_eye,
          minmay_temple_entry_large_hall, the_hattery
D:8:      layout_loops_ring, lemuel_doored_altar, old_standard_altar,
          kennysheep_generic_room_2, uniq_maurice
D:9:      layout_cave_pods, grunt_temple_overflow_open, david_orc_2,
          serial_demonic, serial_demonic_e, serial_demonic_f, serial_demonic_g,
          serial_demonic_d
D:10:     minmay_sliced_demisemicircle, layout_irregular_city, serial_glass,
          glass_columns_a, glass_columns_b, feat_on_display,
          minmay_strange_pillars, due_unseen_surprise, serial_shops,
          nicolae_shop_stone, minmay_tree_intersection, uniq_sonja
D:11:     layout_cross, dpeg_lair_monsters, serial_glass, glass_columns_a,
          glass_columns_b, uniq_psyche, uniq_fannar, uniq_snorg, uniq_urug
D:12:     layout_long_grid, argonaut_gorgonesque, uniq_erolcha
D:13:     layout_roguey, david_vaults_3
D:14:     layout_long_grid, gammafunk_ghost_hive, minmay_door_square,
          lemuel_blue_sif_altar, uniq_frances
D:15:     grunt_enter_depths_snipers, layout_irregular_city, minivault_26,
          uniq_kirke
Lair:1:   layout_misc_corridors, ebering_ghost_rock_garden
Lair:2:   layout_cave_pods, mainiacjoe_shoals_entry_four_pools,
          hellmonk_spider_entry_not_the_bees, gauntlet_entry_generic
Lair:3:   layout_misc_corridors, ebering_ghost_funeral_grove,
          nicolae_quartered_pool_little, grunt_megastairs_2, lemuel_fruit_tree
Lair:4:   layout_loops_ring, kennysheep_rathole, grunt_megastairs_4
Lair:5:   wormcave, layout_loops_ring, dpeg_slime_entry_enclosed,
          portal_ice_cave_entry_pillars_2, serial_rivers,
          chequers_serial_rivers_marsh, chequers_serial_rivers_room_b,
          chequers_serial_rivers_room_b, chequers_serial_rivers_small_a,
          chequers_serial_rivers_large_a, chequers_serial_rivers_micro_a,
          st_stairs_11, pdpol_lair_cavern_descent
Spider:1: layout_spider_delve, nicolae_spider_orb_run, uniq_mlioglotl
Spider:2: layout_spider_delve, uniq_roxanne
Spider:3: layout_spider_delve, drop_trap
Spider:4: guppyfry_spider_rune
Orc:1:    layout_caves, serial_shops, nicolae_shop_crystal
Orc:2:    st_orc_open, layout_diamond_mine, gammafunk_ghost_grave,
          nicolae_orc_rich_vein

Skill      XL: |  1  2  3  4  5  6  7  8  9 10 11 12 13 14 15 16 17 |
---------------+----------------------------------------------------+-----
Armour         | 2 3 4 6 7 8 9 10 11 13 14 15 | 15.2
Polearms       | 3 4 5 7 8 10 11 12 14 | 14.0
Dodging        | 2 3 4 6 8 9 10 11 13 14 15 | 15.3
Fighting       | 4 5 7 8 9 10 11 12 14 15 16 | 16.7
Axes           | 1 6 |  6.4

Action                     |  1- 3 |  4- 6 |  7- 9 | 10-12 | 13-15 | 16-18 || total
---------------------------+-------+-------+-------+-------+-------+-------++-------
  Melee: Spear             |    91 |   152 |    94 |       |       |       ||   337
         Short sword       |    24 |       |       |       |       |       ||    24
         Trident           |    26 |   155 |   551 |   484 |   226 |       ||  1442
         Demon trident     |       |       |       |   270 |  1170 |   820 ||  2260
         Unarmed           |       |       |       |     6 |       |       ||     6
         Rapier            |       |       |       |       |   830 |   422 ||  1252
         Broad axe         |       |       |       |       |       |   334 ||   334
 Invoke: Berserk           |       |     1 |     2 |     4 |     1 |     2 ||    10
         Brothers in Arms  |       |       |       |     3 |       |       ||     3
         Trog's Hand       |       |       |       |     1 |     4 |     2 ||     7
  Evoke: Wand              |       |       |       |     6 |    13 |    20 ||    39
         Lightning rod     |       |       |       |       |       |     4 ||     4
    Use: Scroll            |       |       |     7 |    16 |    10 |     4 ||    37
         Potion            |       |       |       |     2 |     2 |    10 ||    14
   Stab: Invisible         |       |       |       |     2 |     1 |       ||     3
         Petrified         |       |       |       |       |    11 |       ||    11
         Distracted        |       |       |       |       |     1 |       ||     1
 Armour: Animal skin       |     8 |       |       |       |       |       ||     8
         Ring mail         |    11 |    35 |    27 |       |       |       ||    73
         Chain mail        |       |       |    99 |     3 |       |   221 ||   323
         Plate armour      |       |       |       |   235 |   871 |   577 ||  1683
         Skin              |       |       |       |     3 |       |       ||     3
  Dodge: Dodged            |    60 |    72 |   176 |   213 |  1006 |  1182 ||  2709
         Repelled          |       |     4 |     2 |     3 |     9 |    14 ||    32

Table legend: (Time is in decaauts)
 A = Elapsed time spent in this place.
 B = Non-inter-level travel time spent in this place.
 C = Inter-level travel time spent in this place.
 D = Time resting spent in this place.
 E = Time spent auto-exploring this place.
 F = Levels seen in this place.
 G = Mean time per level.
                   A        B        C        D        E       F      G
               +--------+--------+--------+--------+--------+-----+--------+
         Total |  26946 |  24582 |   2364 |   3593 |  15448 |  29 |  929.2 |
       Dungeon |  14919 |  13145 |   1774 |   1163 |   9191 |  15 |  994.6 |
          Lair |   5001 |   4569 |    432 |    680 |   2846 |   5 | 1000.2 |
   Spider Nest |   3299 |   3190 |    109 |    883 |   1464 |   4 |  824.8 |
  Orcish Mines |   1679 |   1632 |     47 |    199 |   1029 |   2 |  839.5 |
         Sewer |    493 |    493 |      0 |     83 |    279 |   1 |  493.0 |
      Ice Cave |   1000 |   1000 |      0 |    565 |    249 |   1 | 1000.0 |
      Gauntlet |    552 |    552 |      0 |     18 |    388 |   1 |  552.0 |
               +--------+--------+--------+--------+--------+-----+--------+

Top non-repeatable levels by time:
  Lair:2: 1400 daAuts
    D:10: 1374 daAuts
     D:9: 1372 daAuts
  Lair:5: 1270 daAuts
Spider:1: 1215 daAuts
     D:2: 1161 daAuts
   Orc:2: 1122 daAuts
     D:1: 1121 daAuts
     D:3: 1105 daAuts
     D:6: 1097 daAuts
     D:8: 1093 daAuts
Spider:2: 1088 daAuts
    D:14: 1075 daAuts
     D:4: 1033 daAuts
    D:12: 1017 daAuts
